Map: Ever Dream LE

Players

PtitDrogo

  • Race: Protoss Protoss
  • Spawn Location: 1:00

MarineLorD - Winner!

  • Race: Terran Terran
  • League: Master
  • Spawn Location: 7:00

Event: DreamHack SC2 Masters 2020 Fall

VOD

Have the link to the VOD?

Description

Time

  • Played on: Sept. 12, 2020, 11:46 a.m.
  • Length: 9:12

All games in this series

Show
View Real Time Build Order
Export as new Build Order

PtitDrogo Protoss 

Build Orders: 1 Gate Expand 

Get SALT Encoding   

  12  0:00  Probe  
  13  0:12  Probe  
  14  0:17  Pylon  
  14  0:24  Probe  
  15  0:35  Gateway  
  15  0:36  Probe (Chrono Boost)  
  16  0:46  Assimilator, Probe (Chrono Boost)  
  17  0:51  Probe (Chrono Boost)  
  18  1:03  Probe  
  19  1:15  Probe  
  20  1:22  Cybernetics Core  
  20  1:34  Probe  
  20  1:38  Nexus  
  21  1:43  Pylon  
  21  1:46  Probe  
  21  1:57  Assimilator  
  21  1:58  Adept (Chrono Boost), Probe  
  24  2:02  Warp Gate (Chrono Boost)  
  24  2:12  Probe  
  25  2:19  Stalker (Chrono Boost)  
  27  2:24  Probe  
  28  2:36  Probe  
  29  2:41  Stalker  
  31  2:53  Probe  
  31  2:57  Gateway  
  31  2:58  Gateway  
  32  3:01  Probe  
  34  3:05  Probe  
  34  3:17  Shield Battery, Probe  
  35  3:28  Probe  
  36  3:39  Probe  
  35  3:45  Probe (Chrono Boost), Stalker  
  37  3:53  Stalker x2  
  37  3:55  Probe (Chrono Boost)  
  42  3:59  Pylon  
  42  4:01  Shield Battery  
  43  4:03  Probe (Chrono Boost)  
  43  4:04  Probe (Chrono Boost)  
  43  4:09  Probe x2 (Chrono Boost)  
  45  4:12  Robotics Facility  
  46  4:19  Stalker  
  46  4:20  Stalker  
  46  4:24  Stalker  
  44  4:36  Probe (Chrono Boost)  
  44  4:42  Stalker, Probe (Chrono Boost)  
  44  4:45  Probe (Chrono Boost)  
  47  4:49  Probe (Chrono Boost)  
  47  4:51  Stalker  
  47  4:52  Probe (Chrono Boost)  
  49  5:04  Probe (Chrono Boost)  
  51  5:07  Probe (Chrono Boost)  
  51  5:15  Probe (Chrono Boost)  
  51  5:17  Warp Prism (Chrono Boost)  
  50  5:23  Probe  
  50  5:26  Probe  
  52  5:33  Twilight Council  
  52  5:36  Probe  
  52  5:38  Probe  
  54  5:43  Pylon  
  54  5:58  Assimilator  
  54  5:59  Assimilator  
  54  6:01  Warp Prism, Probe x2  
  54  6:03  Forge  
  58  6:07  Pylon  
  58  6:08  Charge (Chrono Boost)  
  58  6:13  Probe x2  
  60  6:18  Gateway  
  60  6:20  Gateway  
  60  6:24  Gateway  
  60  6:25  Probe x2  
  62  6:37  Probe x2  
  62  6:38  Observer (Chrono Boost)  
  63  6:44  Protoss Ground Weapons Level 1 (Chrono Boost)  
  59  6:49  Probe x2  
  59  6:51  Observer (Chrono Boost)  
  59  6:53  Gateway  
  62  6:57  Stalker  
  62  6:58  Stalker  
  62  7:00  Pylon  
  66  7:01  Probe  
  61  7:15  Probe x2  
  61  7:21  Nexus  
  63  7:23  Stalker, Pylon  
  63  7:28  Stalker  
  67  7:34  Probe x2  
  69  7:43  Templar Archives  
  69  7:46  Probe  
  70  7:51  Pylon  
  70  7:55  Zealot x4  
  79  7:58  Probe x2  
  79  8:02  Pylon  
  80  8:10  Probe  
  81  8:14  Sentry  
  81  8:25  Zealot x3  
  87  8:35  Zealot, High Templar x2  
  87  8:37  Pylon  
  93  8:44  Archon  
  93  8:49  Zealot  
  93  8:50  Zealot x3  
  101  8:56  Zealot  
Show
View Real Time Build Order
Export as new Build Order

MarineLorD Terran - Winner!

Build Orders: Hellion Opening 

Get SALT Encoding   

  12  0:00  SCV  
  13  0:12  SCV  
  14  0:17  Supply Depot  
  14  0:24  SCV  
  15  0:38  SCV  
  15  0:39  Barracks  
  16  0:47  Refinery  
  16  0:50  SCV  
  17  0:58  Engineering Bay  
  17  1:03  SCV  
  18  1:11  Refinery  
  18  1:15  SCV  
  19  1:28  Marine  
  19  1:30  Orbital Command  
  20  1:42  Supply Depot  
  20  1:54  Factory  
  20  1:57  SCV  
  21  2:03  Barracks Reactor  
  21  2:09  SCV  
  22  2:21  SCV  
  23  2:31  Command Center  
  23  2:33  SCV  
  24  2:44  Hellion x2  
  28  2:48  Supply Depot  
  28  2:51  SCV  
  29  2:59  Starport  
  29  3:03  SCV  
  30  3:12  Hellion  
  34  3:13  Hellion  
  34  3:17  SCV  
  35  3:25  Barracks Tech Lab  
  35  3:31  SCV  
  35  3:33  Hellion  
  38  3:37  Hellion  
  35  3:49  Orbital Command  
  35  3:50  SCV  
  36  4:03  SCV, Marine  
  36  4:04  Siege Tank, Marine  
  36  4:05  Starport  
  42  4:17  Orbital Command, SCV  
  42  4:21  Marine x2  
  45  4:29  SCV  
  44  4:36  Siege Tank  
  41  4:39  Marine x2  
  41  4:41  SCV  
  41  4:42  SCV  
  41  4:44  Starport Tech Lab  
  45  4:54  SCV x2  
  45  4:57  Marine x2  
  49  5:03  Supply Depot  
  49  5:04  Banshee, Cloaking Field  
  49  5:05  Supply Depot  
  49  5:06  SCV  
  49  5:07  SCV  
  54  5:18  SCV  
  54  5:23  Supply Depot  
  54  5:24  Siege Tank, Marine x2  
  54  5:27  SCV  
  60  5:30  SCV  
  61  5:37  Barracks  
  61  5:39  Barracks, SCV  
  62  5:43  SCV  
  62  5:47  Banshee, Marine x2  
  68  5:54  Engineering Bay  
  68  5:55  SCV, Supply Depot  
  69  6:01  Supply Depot  
  69  6:02  SCV  
  69  6:03  Refinery  
  70  6:05  Marine x2  
  72  6:16  Supply Depot  
  72  6:17  Factory Reactor  
  72  6:20  Terran Infantry Weapons Level 1  
  72  6:23  Marine x2  
  74  6:36  Marine  
  74  6:38  Stimpack  
  73  6:41  SCV x2  
  74  6:48  Combat Shield, Marauder, Marine x2  
  74  6:53  Command Center  
  74  6:54  Missile Turret, SCV  
  79  6:55  Marauder, Starport Reactor  
  79  6:58  Widow Mine  
  79  7:00  Widow Mine  
  85  7:03  Supply Depot  
  85  7:13  Marine x2  
  85  7:14  Marauder  
  89  7:17  Marauder, Supply Depot  
  89  7:22  Widow Mine x2  
  95  7:28  Supply Depot  
  95  7:33  Medivac x2  
  95  7:35  Marauder  
  98  7:38  Marauder, Supply Depot  
  100  7:44  Marine x2  
  100  7:47  Widow Mine x2  
  106  7:59  SCV  
  106  8:00  Barracks  
  106  8:01  Barracks  
  106  8:02  Medivac  
  106  8:03  Marauder x2  
  113  8:07  Concussive Shells  
  113  8:15  SCV x2  
  113  8:16  Supply Depot  
  113  8:19  Orbital Command  
  115  8:24  Marine  
  115  8:25  Marauder  
  118  8:28  Marine  
  118  8:29  Marauder  
  118  8:31  SCV x2  
  118  8:33  Medivac x2  
  127  8:42  Refinery  
  127  8:44  SCV x2  
  127  8:45  Marine  
  127  8:46  Marauder, Marine  
  127  8:47  SCV  
  134  8:53  Marine  

Tags
 
Add a new tag
Caveats
  • Supply blocks, unpowered buildings, or Contaminate may cause inaccurate times.
  • Supply counts are checked every 10 seconds.